 Dungeon Crawl Stone Soup version 0.16-a0-3827-g034e2a6 (console) character file.

5099 MrRokkomies the Basher (level 10, 0/111 HPs)
             Began as an Ogre Skald on Jan 28, 2015.
             Was an Elder of Dithmenos.
             Incinerated by a smoke demon (4 damage)
             ... with a sticky flame
             ... on level 1 of the Abyss on Jan 29, 2015.
             The game lasted 00:38:51 (9441 turns).

MrRokkomies the Basher (Ogre Skald)                 Turns: 9441, Time: 00:38:51

Health: 0/111      AC:  7    Str: 19    XL:     10   Next: 57%
Magic:  17/17      EV: 14    Int: 11    God:    Dithmenos [****..]
Gold:   377        SH:  0    Dex: 10    Spells: 5 memorised, 2 levels left

rFire  . . .     SeeInvis .     a - +0 giant spiked club
rCold  . . .     Clarity  .     B - +1 robe
rNeg   . . .     SustAb   .     (shield restricted)
rPois  +         Gourm    .     I - +1 hat
rElec  .         Spirit   .     N - +2 cloak
rCorr  .         Warding  .     (gloves unavailable)
rMut   .         Stasis   .     (boots unavailable)
MR     +....                    (no amulet)
Stlth  +.........               y - +3 ring of evasion
                                J - ring of poison resistance

@: liquid flames, glowing, drained, somewhat resistant to hostile enchantments,
very unstealthy
A: unfitting armour, blurry vision 2, clumsy 1, deformed body, deterioration 3,
tough skin 1, no device heal 1
a: Shadow Step, Renounce Religion


You were on level 1 of the Abyss.
You worshipped Dithmenos.
Dithmenos was greatly pleased with you.
You were not hungry.

You visited 1 branch of the dungeon, and saw 9 of its levels.
You visited the Abyss 1 time.

You collected 471 gold pieces.
You spent 94 gold pieces at shops.

Inventory:

Hand weapons
 a - a +0 giant spiked club (weapon)
 b - a +0 blowgun
Missiles
 e - 21 stones
 m - 5 curare-tipped needles
 s - 67 poisoned needles
 z - a throwing net
 A - a javelin (quivered)
Armour
 B - a +1 robe (worn)
 I - a +1 hat (worn)
 N - a +2 cloak (worn)
Jewellery
 k - an uncursed ring of teleportation
 w - a +3 ring of intelligence
 y - a +3 ring of evasion (right hand)
 J - a ring of poison resistance (left hand)
Magical devices
 v - a wand of enslavement (0)
 G - a wand of confusion (24)
 K - a wand of digging (4)
 M - a wand of draining (10)
 O - a wand of polymorph (10)
 P - a wand of enslavement (14)
Scrolls
 l - 3 scrolls of fog
 r - 4 scrolls of remove curse
 E - 2 scrolls of enchant armour
 H - 2 scrolls of amnesia
Potions
 g - a potion of invisibility
 j - a potion of brilliance
 n - 4 potions of curing
 o - a potion of resistance
 t - a potion of haste
Books
 c - a book of Battle

   Spells                             Type                      Level
   a - Infusion                       Charms                       1
   b - Shroud of Golubria             Charms/Translocation         2
   c - Song of Slaying                Charms                       2
   d - Spectral Weapon                Hexes/Charms                 3
   e - Regeneration                   Charms/Necromancy            3
 q - a book of Control

   Spells                             Type                      Level
   a - Control Teleport               Charms/Translocation         4
   b - Control Undead                 Necromancy                   4
   c - Enslavement                    Hexes                        4
   d - Metabolic Englaciation         Hexes/Ice                    5
   e - Mass Confusion                 Hexes                        6
 C - a book of Transfigurations

   Spells                             Type                      Level
   a - Stoneskin                      Transmutation/Earth          2
   b - Irradiate                      Conjuration/Transmutation    5
   c - Statue Form                    Transmutation/Earth          6
   d - Hydra Form                     Transmutation                6
   e - Dragon Form                    Transmutation                7
 D - a Necronomicon {highlevel, unknown}

   This book is beyond your current level of understanding.

   Spells                             Type                      Level
   a - Haunt                          Necromancy/Summoning         7
   b - Borgnjor's Revivification      Necromancy                   8
   c - Death's Door                   Charms/Necromancy            8
   d - Necromutation                  Transmutation/Necromancy     8
Comestibles
 d - 5 meat rations
 f - 3 bread rations
 h - 4 fruits
 x - a royal jelly


   Skills:
 - Level 10.8(10.5) Fighting
 * Level 12.4(12.2) Maces & Flails
 * Level 6.3(6.1) Throwing
 - Level 0.7(0.5) Armour
 + Level 5.9(5.7) Dodging
 - Level 2.4(2.2) Spellcasting
 - Level 2.1(2.0) Charms


You had 2 spell levels left.
You knew the following spells:

 Your Spells              Type           Power        Failure   Level  Hunger
a - Infusion              Chrm           #.....       14%         1    ##.....
b - Shroud of Golubria    Chrm/Tloc      #.........   30%         2    ###....
c - Stoneskin             Trmt/Erth      #.......     43%         2    ###....
d - Spectral Weapon       Hex/Chrm       #.......     61%         3    ####...
e - Regeneration          Chrm/Necr      #.........   61%         3    ####...


Dungeon Overview and Level Annotations

Branches:
Dungeon (9/15)             Temple (0/1) D:5             Orc (0/4) D:9
   Lair: D:8-11

Altars:
Ashenzari
Cheibriados
Dithmenos
Kikubaaqudgha
Nemelex Xobeh
Qazlal
Sif Muna
Trog
Vehumet
Xom
The Shining One
Jiyva

Shops:
D:4 *   D:7 [   D:9 [

Annotations:
D:9 Erolcha


Innate Abilities, Weirdness & Mutations

You are too large for most types of armour.
You have tough skin (AC +1).
[Scrolls take you longer to read.]
[You are clumsy. (Dex -2)]
[Armour fits poorly on your strangely shaped body.]
[Your body is rapidly deteriorating.]
[Potions and wands are less effective at restoring your health.]


Message History

You are covered in liquid flames!
* * * LOW HITPOINT WARNING * * *
A raiju comes into view.
You are covered in liquid flames!
* * * LOW HITPOINT WARNING * * *
The raiju barks!
You are covered in liquid flames!
* * * LOW HITPOINT WARNING * * *
The raiju bursts into living lightning!
The living lightning misses you.
The raiju blinks!
The smoke demon gestures at you. The ball of steam hits you!
* * * LOW HITPOINT WARNING * * *
You are engulfed in a cloud of scalding steam.
You are covered in liquid flames!
* * * LOW HITPOINT WARNING * * *
The raiju bursts into living lightning!
The living lightning misses you.
The raiju blinks!
You are covered in liquid flames!
You die...

. ...#. ...... .
..... ... ...#
..... ...# ##
...... #..## ...
#......##...#..#
........@§.h#.#
.........§.§..#
...§.....§§.#....
........§§##..#.#
.........§§###....
.......3Z.....X..
.....##.......#..
.....##..### .#
.........# ###..
.... ....# .. #X
.........#.# ...


You could see a smoke demon, a raiju and a golden dragon zombie.

Vanquished Creatures
  A thrashing horror (Abyss:1)
  A ynoxinul (Abyss:1)
  A hippogriff (D:8)
  Edmund (D:4)
  4 orc warriors
  4 ogres
  A wasp (D:8)
  3 centaurs
  2 black bears
  A phantom (D:5)
  3 ice beasts
  4 sky beasts
  A big kobold (D:6)
  3 giant frogs
  Blork the orc (D:6)
  A wyvern skeleton (D:7)
  8 scorpions
  2 small abominations (Abyss:1)
  3 killer bees (D:7)
  2 goliath beetles
  A giant frog zombie (D:5)
  A crimson imp (D:5)
  A quasit (D:6)
  A centaur zombie (D:8)
  2 iron imps (Abyss:1)
  A centaur skeleton (D:6)
  3 orc priests
  A hound (D:8)
  3 jellies (D:8)
  6 worker ants
  2 iguanas
  5 orc wizards
  Jessica (D:6)
  A hound zombie (D:8)
  A hound skeleton (D:7)
  A worker ant zombie (D:8)
  13 adders
  A shadow imp (D:7)
  2 giant mites
  2 worms (D:2)
  An adder zombie (D:8)
  An adder skeleton (D:7)
  3 oozes
  17 orcs
  3 ball pythons
  14 bats
  2 bat skeletons
  A bat zombie (D:7)
  8 giant cockroaches
  14 goblins
  14 hobgoblins
  3 giant geckos
  4 giant newts
  2 giant spores
  7 jackals
  A jackal zombie (D:5)
  14 kobolds
  A quokka (D:4)
  21 rats
  2 ballistomycetes (D:9)
  A bush (D:6)
  A plant (D:6)
231 creatures vanquished.

Vanquished Creatures (others)
  2 orcs (D:9)
  A giant spore (D:7)
  2 starspawn tentacles (Abyss:1)
5 creatures vanquished.

Grand Total: 236 creatures vanquished

Notes
Turn   | Place    | Note
--------------------------------------------------------------
     0 | D:1      | MrRokkomies, the Ogre Skald, began the quest for the Orb.
     0 | D:1      | Reached XP level 1. HP: 22/22 MP: 3/3
    42 | D:1      | Reached skill level 3 in Maces & Flails
    64 | D:1      | Reached skill level 1 in Dodging
   245 | D:1      | Reached XP level 2. HP: 28/31 MP: 0/5
   249 | D:1      | Learned a level 2 spell: Shroud of Golubria
   661 | D:1      | Reached XP level 3. HP: 28/37 MP: 3/6
  1045 | D:2      | Reached skill level 4 in Maces & Flails
  1047 | D:2      | Reached XP level 4. HP: 36/48 MP: 0/8
  1142 | D:2      | Found a shattered altar of Ashenzari.
  1720 | D:2      | Found a shadowy altar of Dithmenos.
  1728 | D:2      | Became a worshipper of Dithmenos the Shadowed
  2372 | D:3      | Reached XP level 5. HP: 55/55 MP: 9/9
  2398 | D:3      | Found a shimmering altar of Xom.
  2400 | D:3      | Found a sparkling altar of Nemelex Xobeh.
  2442 | D:3      | Found a radiant altar of Vehumet.
  2457 | D:3      | Reached skill level 5 in Fighting
  2808 | D:4      | Reached skill level 5 in Maces & Flails
  3061 | D:4      | Reached XP level 6. HP: 46/66 MP: 8/11
  3312 | D:4      | Reached skill level 6 in Fighting
  3438 | D:4      | Noticed a sky beast
  3451 | D:4      | Killed a sky beast
  3451 | D:4      | Reached XP level 7. HP: 58/76 MP: 12/12
  3628 | D:4      | Found Wanim's Assorted Antiques.
  3675 | D:4      | Noticed Edmund
  3694 | D:4      | Killed Edmund
  3694 | D:4      | Reached skill level 7 in Fighting
  3882 | D:5      | Entered Level 5 of the Dungeon
  3923 | D:5      | Acquired Dithmenos' first power
  4385 | D:5      | Reached XP level 8. HP: 88/88 MP: 14/14
  4418 | D:5      | Reached skill level 8 in Fighting
  4495 | D:5      | Learned a level 2 spell: Stoneskin
  4587 | D:5      | Found a staircase to the Ecumenical Temple.
  4858 | D:6      | Noticed Jessica
  4867 | D:6      | Killed Jessica
  4928 | D:6      | Found a deep blue altar of Sif Muna.
  5000 | D:6      | Noticed Blork the orc
  5007 | D:6      | Killed Blork the orc
  5077 | D:6      | Found an ancient bone altar of Kikubaaqudgha.
  5078 | D:6      | Found a snail-covered altar of Cheibriados.
  5142 | D:6      | Reached skill level 9 in Fighting
  5660 | D:6      | Reached XP level 9. HP: 92/101 MP: 15/15
  5670 | D:6      | Reached skill level 10 in Fighting
  5687 | D:6      | Acquired Dithmenos' second power
  5782 | D:6      | Reached skill level 10 in Maces & Flails
  6288 | D:7      | Found a stormy altar of Qazlal.
  6329 | D:7      | Found a bloodstained altar of Trog.
  6378 | D:7      | Found Bown's Antique Armour Shoppe.
  6395 | D:7      | Bought an embroidered cloak for 94 gold pieces
  6638 | D:7      | Reached skill level 1 in Throwing
  6680 | D:7      | Reached skill level 11 in Maces & Flails
  6680 | D:7      | Reached skill level 5 in Dodging
  7015 | D:7      | Found a glowing golden altar of the Shining One.
  7221 | D:7      | Upgraded the game from 0.16-a0-3807-g3748f16 to 0.16-a0-3827-g034e2a6
  7357 | D:8      | Learned a level 3 spell: Spectral Weapon
  7361 | D:8      | Learned a level 3 spell: Regeneration
  7470 | D:8      | Found a viscous altar of Jiyva.
  7531 | D:8      | Reached XP level 10. HP: 105/111 MP: 17/17
  7560 | D:8      | Acquired Dithmenos' third power
  8057 | D:8      | Reached skill level 5 in Throwing
  8253 | D:9      | Found Qeteeg's Armour Emporium.
  8253 | D:9      | Found a staircase to the Orcish Mines.
  8271 | D:9      | Noticed Erolcha
  8684 | D:9      | Reached skill level 12 in Maces & Flails
  8723 | D:9      | Cast into the Abyss (Erolcha)
  8789 | Abyss:1  | Noticed a tentacled starspawn
  9370 | Abyss:1  | Noticed a thrashing horror
  9376 | Abyss:1  | Noticed a frost giant skeleton
  9377 | Abyss:1  | Noticed a starcursed mass
  9378 | Abyss:1  | Noticed a wretched star
  9378 | Abyss:1  | Killed a thrashing horror
  9388 | Abyss:1  | Paralysed by accursed screaming for 1 turns
  9424 | Abyss:1  | Noticed a smoke demon
  9427 | Abyss:1  | Noticed a golden dragon zombie
  9435 | Abyss:1  | Noticed a thrashing horror
  9440 | Abyss:1  | HP: 4/111 [burnt (3)]
  9441 | Abyss:1  | Incinerated by a smoke demon

Action                   |  1- 3 |  4- 6 |  7- 9 | 10-12 || total
-------------------------+-------+-------+-------+-------++-------
Melee: Mace              |   113 |   157 |       |       ||   270
       Giant club        |       |    15 |   332 |     7 ||   354
       Flail             |       |     3 |       |       ||     3
       Giant spiked club |       |       |       |    76 ||    76
 Fire: Blowgun           |       |       |    14 |    11 ||    25
Throw: Stone             |       |    10 |    12 |     1 ||    23
       Javelin           |       |    12 |     7 |     1 ||    20
 Cast: Infusion          |     3 |       |       |       ||     3
       Shroud of Golubri |     4 |     4 |     2 |     2 ||    12
       Stoneskin         |       |       |     4 |     1 ||     5
  Use: Scroll            |     5 |     4 |     8 |     9 ||    26
       Potion            |       |     1 |       |     4 ||     5
 Stab: Sleeping          |       |       |     4 |       ||     4
  Eat: Chunk             |     1 |     8 |    14 |     2 ||    25
       Pizza             |       |       |       |     2 ||     2
       Royal jelly       |       |       |       |     1 ||     1
